 Dungeon Crawl Stone Soup version 0.16-a0-3976-g683f154 (webtiles) character file.

12 timbw the Caller (level 2, 0/11 HPs)
             Began as a Felid Summoner on Feb 11, 2015.
             Slain by a giant frog (9 damage)
             ... on level 4 of the Dungeon.
             The game lasted 00:01:58 (330 turns).

timbw the Caller (Felid Summoner)                    Turns: 330, Time: 00:01:59

Health: 0/11       AC:  1    Str:  4    XL:     2   Next: 20%
Magic:  1/6        EV: 18    Int: 16    God:
Gold:   25         SH:  0    Dex: 16    Spells: 2 memorised, 3 levels left
                                        Lives:  0   Deaths: 0

rFire  . . .     SeeInvis +     (weapon unavailable)
rCold  . . .     Clarity  .     (armour unavailable)
rNeg   . . .     SustAb   .     (shield unavailable)
rPois  .         Gourm    .     (helmet unavailable)
rElec  .         Spirit   .     (cloak unavailable)
rCorr  .         Warding  .     (gloves unavailable)
rMut   .         Stasis   .     (boots unavailable)
MR     .....                    (no amulet)
Stlth  +++.......               (no ring)
                                (no ring)

@: quick, not resistant to hostile enchantments, fairly stealthy
A: paw claws, no armour, no weapons or thrown items, fangs 3, see invisible,
carnivore 3, speed 1, shaggy fur 1, slow metabolism 1, sharp paws
a: no special abilities


You were on level 4 of the Dungeon.
You were not hungry.

You visited 1 branch of the dungeon, and saw 4 of its levels.

You collected 25 gold pieces.

Inventory:

Scrolls
 d - a scroll of immolation {unknown}
 h - a scroll of remove curse {unknown}
Potions
 a - a potion of might {unknown}
 e - a potion of decay {unknown}
 g - a potion of curing {unknown}
Books
 b - a book of Callings

   Spells                             Type                      Level
   a - Summon Small Mammal            Summoning                    1
   b - Call Imp                       Summoning                    2
   c - Call Canine Familiar           Summoning                    3
   d - Summon Guardian Golem          Hexes/Summoning              4
   e - Summon Lightning Spire         Summoning/Air                4
   f - Summon Ice Beast               Ice/Summoning                4
Comestibles
 c - 4 meat rations
 f - a slice of pizza


   Skills:
 - Level 2.6 Dodging
 - Level 2.6 Stealth
 + Level 2.5 Spellcasting
 + Level 4.2 Summonings


You had 3 spell levels left.
You knew the following spells:

 Your Spells              Type           Power        Failure   Level  Hunger
a - Summon Small Mammal   Summ           ###.         4%          1    #......
b - Call Imp              Summ           ###.....     8%          2    ##.....


Dungeon Overview and Level Annotations

Branches:
Dungeon (4/15)
 Temple: D:4-7

Altars:
Vehumet

Annotations:
D:3 timbw's ghost, weakling FeSu


Innate Abilities, Weirdness & Mutations

You cannot wear armour.
You are incapable of wielding weapons or throwing items.
You have razor-sharp teeth.
You have supernaturally acute eyesight.
You are carnivorous and can eat meat at any time.
You cover ground quickly.
You are covered in fur (AC +1).
You have a slow metabolism.
Your paws have sharp claws that are effective at stabbing.


Message History

The giant frog hits your white imp.
Your white imp barely misses the giant frog.
Your crimson imp blinks!
The giant frog misses your white imp.
Your white imp hits the giant frog.
Your white imp freezes the giant frog.
A worker ant comes into view.
The giant frog barely misses your white imp.
The giant frog hits your white imp.
Your white imp gestures at the giant frog.
The puff of frost misses the giant frog.
Your crimson imp hits the giant frog.
Unknown command.
Your crimson imp disappears in a puff of smoke!
The worker ant waves its antennae.
Your crimson imp blinks!
Your white imp barely misses the giant frog.
Unknown command.
The giant frog hits you!
Ouch! That really hurt!
You die...

#########
#######.......#
#.....#.#####.#
######.###.#.#
#5...#@..>...#
#....F.....###
#....5a....#
...§..§......#
##.##..#.####
.. ....#..
...####### #..
.


You could see a giant frog, a worker ant and a friendly white imp.

Vanquished Creatures
  A hobgoblin (D:1)
  A kobold (D:1)
  A quokka (D:3)
  A bat (D:3)
  A giant cockroach (D:3)
  A rat (D:1)
6 creatures vanquished.

Vanquished Creatures (collateral kills)
  An adder (D:4)
  An ooze (D:1)
  A giant newt (D:1)
  A kobold (D:1)
  A rat (D:1)
5 creatures vanquished.

Vanquished Creatures (others)
  3 quokkas
  2 bats
  2 rats
7 creatures vanquished.

Grand Total: 18 creatures vanquished

Notes
Turn   | Place    | Note
--------------------------------------------------------------
     0 | D:1      | timbw, the Felid Summoner, began the quest for the Orb.
     0 | D:1      | Reached XP level 1. HP: 7/7 MP: 4/4
   153 | D:2      | Found a radiant altar of Vehumet.
   246 | D:3      | Noticed an orc warrior
   246 | D:3      | Noticed timbw's ghost (weakling FeSu)
   248 | D:3      | Noticed an iron imp
   250 | D:3      | Noticed a crimson imp
   275 | D:4      | Noticed a giant frog
   275 | D:4      | Reached XP level 2. HP: 7/11 MP: 0/6
   280 | D:4      | Learned a level 2 spell: Call Imp
   328 | D:4      | Noticed a worker ant
   330 | D:4      | Slain by a giant frog

Action                   || total
-------------------------++-------
Melee: Unarmed           ||    11
 Cast: Summon Small Mamm ||    17
       Call Imp          ||     3
 Stab: Sleeping          ||     1
  Eat: Chunk             ||     2
